Description

test

VOD

https://www.youtube.com/watch?v=vV4sC4x6iws

Replay - Anoss - Tuto LOTV - ZvT Opening 3 Ravager into GG ( CC first HardCounter)

Build Order

Get SALT Encoding   

  12  0:01  Drone  
  13  0:09  Drone  
  14  0:15  Extractor  
  13  0:29  Spawning Pool  
  13  0:32  Drone  
  13  0:38  Drone  
  14  0:46  Overlord  
  14  1:16  Queen  
  16  1:18  Roach Warren  
  15  1:58  Roach x3  
  21  2:09  Overlord  
  21  2:28  Ravager x3  
  23  2:32  Zergling x8  
  28  2:40  Overlord  
  28  2:51  Zergling x2  
  28  2:57  Zergling x2  
  30  3:07  Hatchery  
  30  3:12  Zergling x4  
Spawning Tool Build Advisor. Get it on Overwolf

Analysis

test

Go to:

Details

  • Created by: wallior
  • Published on: Jan 07, 2018
  • Modified on: Jan 07, 2018
  • Patch: 4.0.0
Show
View Real Time Build Order
Export as new Build Order

Comments (0)

There are no comments. Be the first!

Create an account to comment!